 Dungeon Crawl Stone Soup version 0.24.0-13-gcf9b319 (webtiles) character file.

Game seed: 11060136664628436023, levelgen mode: deterministic

583541 JirkfaceJones the Messiah (level 27, -26/266 HPs)
             Began as a Hill Orc Fighter on Nov 20, 2019.
             Was the Champion of Beogh.
             Killed from afar by an orb of fire (94 damage)
             ... with a fireball
             ... on level 5 of the Realm of Zot on Nov 21, 2019.
             The game lasted 04:48:37 (62987 turns).

JirkfaceJones the Messiah (Hill Orc Fighter)       Turns: 62987, Time: 04:48:38

Health: -26/266    AC: 58    Str: 32      XL:     27
Magic:  32/36      EV: 16    Int: 12 (13) God:    Beogh [******]
Gold:   6820       SH: 21    Dex: 20      Spells: 26/26 levels left

rFire    . . .     SeeInvis .   a - +5 broad axe "Giantbane" {flame, rC++}
rCold    + + +     Gourm    .   Y - +5 shield {reflect}
rNeg     + + .     Faith    +   E - +13 crystal plate armour of Beogh's Envy {rPois rN+ Dex+7}
rPois    +         Spirit   .   N - +2 helmet
rElec    +         Reflect  +   v - +2 cloak
rCorr    .         Harm     .   J - +2 pair of gloves {Dex+3}
MR       +++..                  x - +2 pair of boots {run}
Stlth    ..........             I - amulet of faith
HPRegen  0.54/turn              t - ring of Ceoshrapp {rElec rC+ rN+ Int+5}
MPRegen  0.25/turn              r - ring of protection from magic

@: studying Dodging, quick
A: walk on water, deterioration 1, low mp 1, sense surroundings 1, screaming 1,
subdued magic 1
}: 3/15 runes: serpentine, barnacled, silver
a: Smiting, Recall Orcish Followers, Give Item to Named Follower, Resurrection,
Renounce Religion


You were on level 5 of the Realm of Zot.
You worshipped Beogh.
Beogh was exalted by your worship.
You were very hungry.

You visited 10 branches of the dungeon, and saw 50 of its levels.
You visited the Abyss 2 times.
You also visited: Ossuary, Gauntlet and Volcano.

You collected 7462 gold pieces.
You spent 642 gold pieces at shops.

Inventory:

Hand Weapons
 a - the +5 broad axe "Giantbane" (weapon) {flame, rC++}
   (You bought it in a shop on level 7 of the Dungeon)

   It has been specially enchanted to burn those struck by it, causing extra
   injury to most foes and up to half again as much damage against particularly
   susceptible opponents.
   Big, fiery blades are also staple armaments of hydra-hunters.
   It greatly protects you from cold.
 b - the +9 hand crossbow of Dividends {flame, rC+ Dex+3}
   (You found it on level 3 of the Elven Halls)

   It causes projectiles fired from it to burn those they strike, causing extra
   injury to most foes and up to half again as much damage against particularly
   susceptible opponents.
   It affects your dexterity (+3).
   It protects you from cold.
 c - the +9 glaive "Dazy" {holy, Dex+3}
   (You took it off a tengu reaver on level 5 of the Vaults)

   It has been blessed by the Shining One to cause great damage to the undead
   and demons.
   It affects your dexterity (+3).
Missiles
 l - 60 javelins (quivered)
Armour
 v - a +2 cloak (worn)
 x - a +2 pair of boots of running (worn)
 E - the +13 crystal plate armour of Beogh's Envy (worn) {rPois rN+ Dex+7}
   (You took it off a minotaur in a Gauntlet)

   It affects your dexterity (+7).
   It protects you from poison.
   It protects you from negative energy.
 J - a +2 pair of gloves of dexterity (worn)
 N - a +2 helmet (worn)
 Y - a +5 shield of reflection (worn)
Jewellery
 n - an uncursed ring of see invisible
 r - a ring of protection from magic (right hand)
 t - the ring of Ceoshrapp (left hand) {rElec rC+ rN+ Int+5}
   (You found it on level 4 of the Shoals)

   [ring of positive energy]

   It affects your intelligence (+5).
   It protects you from cold.
   It insulates you from electricity.
   It protects you from negative energy.
 I - an amulet of faith (around neck)
 L - an uncursed ring of protection from fire
 M - an uncursed ring of positive energy
Wands
 i - a wand of polymorph (8)
 k - a wand of digging (3)
 u - a wand of paralysis (3)
 w - a wand of flame (50)
 y - a wand of disintegration (47)
 T - a wand of iceblast (44)
 W - a wand of acid (18)
Scrolls
 e - 28 scrolls of teleportation
 g - a scroll of amnesia
 j - 16 scrolls of remove curse
 q - a scroll of fog
 s - 17 scrolls of identify
 A - 7 scrolls of blinking
 B - 2 scrolls of holy word
 D - 6 scrolls of fear
 S - 4 scrolls of summoning
Potions
 h - 3 potions of might
 m - 13 potions of curing
 o - 4 potions of cancellation
 p - 6 potions of heal wounds
 z - 8 potions of flight
 C - 8 potions of resistance
 F - a potion of haste
 Q - 4 potions of invisibility
 V - a potion of magic
Books
 K - a manual of Dodging
Comestibles
 f - 57 rations


   Skills:
 + Level 25.3 Fighting
 - Level 18.0 Axes
 - Level 10.0 Crossbows
 + Level 23.6 Armour
 + Level 12.9 Dodging
 - Level 15.0 Shields
 O Level 27 Invocations


You had 26 spell levels left.
You didn't know any spells.
Your spell library contained the following spells:

 Spells                   Type           Power        Failure   Level  Hunger
 Animate Skeleton         Necr           N/A          89%         1    ##.....
 Apportation              Tloc           #.....       89%         1    ##.....
 Beastly Appendage        Tmut           #.....       89%         1    ##.....
 Flame Tongue             Conj/Fire      #....        89%         1    ##.....
 Infusion                 Chrm           #...         89%         1    ##.....
 Pain                     Necr           #...         89%         1    ##.....
 Sandblast                Erth           #.....       89%         1    ##.....
 Shock                    Conj/Air       #...         89%         1    ##.....
 Summon Butterflies       Summ           #.......     89%         1    ##.....
 Summon Small Mammal      Summ           #...         89%         1    ##.....
 Call Imp                 Summ           #.......     96%         2    ###....
 Corpse Rot               Necr           N/A          96%         2    ###....
 Passwall                 Tmut/Erth      #.......     96%         2    ###....
 Poisonous Vapours        Pois/Air       #.....       96%         2    ###....
 Shroud of Golubria       Chrm/Tloc      #.....       96%         2    ###....
 Song of Slaying          Chrm           #.......     96%         2    ###....
 Sticks to Snakes         Tmut           #.......     96%         2    ###....
 Sublimation of Blood     Necr           #.........   96%         2    ###....
 Swiftness                Chrm/Air       #.......     96%         2    ###....
 Throw Flame              Conj/Fire      #.....       96%         2    ###....
 Call Canine Familiar     Summ           #.......     99%         3    ####...
 Conjure Flame            Conj/Fire      #.......     99%         3    ####...
 Gell's Gravitas          Tloc           #.........   99%         3    ####...
 Ignite Poison            Fire/Tmut/Pois #.......     99%         3    ####...
 Inner Flame              Hex/Fire       #.......     99%         3    ####...
 Lesser Beckoning         Tloc           #.........   99%         3    ####...
 Portal Projectile        Hex/Tloc       #.....       99%         3    ####...
 Recall                   Summ/Tloc      N/A          99%         3    ####...
 Regeneration             Chrm/Necr      #.........   99%         3    ####...
 Spectral Weapon          Hex/Chrm       #.......     99%         3    ####...
 Spider Form              Tmut/Pois      #.........   99%         3    ####...
 Static Discharge         Conj/Air       #.......     99%         3    ####...
 Stone Arrow              Conj/Erth      #.....       99%         3    ####...
 Summon Guardian Golem    Hex/Summ       #.......     99%         3    ####...
 Tukima's Dance           Hex            #.......     99%         3    ####...
 Vampiric Draining        Necr           #.........   99%         3    ####...
 Airstrike                Air            #.........   100%        4    #####..
 Animate Dead             Necr           N/A          100%        4    #####..
 Cause Fear               Hex            #.........   100%        4    #####..
 Force Lance              Conj/Tloc      #.......     100%        4    #####..
 Ice Form                 Ice/Tmut       #.......     100%        4    #####..
 Leda's Liquefaction      Hex/Erth       #.........   100%        4    #####..
 Passage of Golubria      Tloc           N/A          100%        4    #####..
 Petrify                  Tmut/Erth      #.......     100%        4    #####..
 Sticky Flame             Conj/Fire      #.......     100%        4    #####..
 Summon Ice Beast         Ice/Summ       #.......     100%        4    #####..
 Summon Lightning Spire   Summ/Air       #.......     100%        4    #####..
 Agony                    Necr           #.......     100%        5    ######.
 Alistair's Intoxication  Tmut/Pois      #.......     100%        5    ######.
 Aura of Abjuration       Summ           #.........   100%        5    ######.
 Blade Hands              Tmut           #.........   100%        5    ######.
 Bolt of Draining         Conj/Necr      #.........   100%        5    ######.
 Bolt of Magma            Conj/Fire/Erth #.........   100%        5    ######.
 Borgnjor's Vile Clutch   Necr/Erth      #.........   100%        5    ######.
 Dispel Undead            Necr           #.......     100%        5    ######.
 Excruciating Wounds      Chrm/Necr      #.........   100%        5    ######.
 Fireball                 Conj/Fire      #.........   100%        5    ######.
 Irradiate                Conj/Tmut      #.........   100%        5    ######.
 Iskenderun's Battlesphe  Conj/Chrm      #.......     100%        5    ######.
 Lee's Rapid Deconstruct  Erth           #.........   100%        5    ######.
 Lightning Bolt           Conj/Air       #.........   100%        5    ######.
 Silence                  Hex/Air        #.........   100%        5    ######.
 Summon Demon             Summ           #.........   100%        5    ######.
 Summon Forest            Summ/Tloc      #.........   100%        5    ######.
 Summon Mana Viper        Hex/Summ       #.......     100%        5    ######.
 Venom Bolt               Conj/Pois      #.........   100%        5    ######.
 Yara's Violent Unravell  Hex/Tmut       #.........   100%        5    ######.
 Darkness                 Hex            #.........   100%        6    #######
 Death Channel            Necr           #.........   100%        6    #######
 Deflect Missiles         Chrm/Air       #.........   100%        6    #######
 Dispersal                Tloc           #.........   100%        6    #######
 Invisibility             Hex            #.......     100%        6    #######
 Iron Shot                Conj/Erth      #.........   100%        6    #######
 Shadow Creatures         Summ           N/A          100%        6    #######
 Simulacrum               Ice/Necr       #.........   100%        6    #######
 Statue Form              Tmut/Erth      #........    100%        6    #######
 Haunt                    Necr/Summ      #.........   100%        7    #######
 Orb of Destruction       Conj           #.........   100%        7    #######
 Spellforged Servitor     Conj/Summ      #.........   100%        7    #######
 Summon Hydra             Summ           #.........   100%        7    #######
 Borgnjor's Revivificati  Necr           #.........   100%        8    #######
 Controlled Blink         Tloc           N/A          100%        8    #######
 Death's Door             Chrm/Necr      #.........   100%        8    #######
 Discord                  Hex            #.........   100%        8    #######
 Disjunction              Tloc           #.........   100%        8    #######
 Ignition                 Fire           #.........   100%        8    #######
 Infestation              Necr           #.........   100%        8    #######
 Necromutation            Tmut/Necr      #.........   100%        8    #######


Dungeon Overview and Level Annotations

Branches:
Dungeon (15/15)            Temple (1/1) D:5            Lair (6/6) D:8
 Shoals (4/4) Lair:4        Snake (4/4) Lair:3        Slime (0/5) Lair:6
    Orc (2/2) D:10            Elf (3/3) Orc:2        Vaults (5/5) D:14
  Crypt (0/3) Vaults:2     Depths (5/5) D:15            Zot (5/5) Depths:5
Ossuary (visited)         Volcano (visited)         Gauntlet (visited)

Altars:
Ashenzari
Cheibriados
Dithmenos
Elyvilon
Fedhas
Gozag
Hepliaklqana
Kikubaaqudgha
Makhleb
Nemelex Xobeh
Okawaru
Qazlal
Ru
Sif Muna
Trog
Uskayaw
Vehumet
Wu Jian
Xom
Yredelemnul
Zin
The Shining One
Jiyva

Shops:
D:7 (   D:15 [   Orc:2 =![(   Elf:1 %   Elf:3 *   Shoals:2 ?   Shoals:3 *
Snake:1 =}}   Vaults:4 (   Vaults:5 *:   Depths:2 }(%*!   Depths:5 [

Portals:
Hell: Depths:1 Depths:2 Depths:3 Depths:4 Depths:5
Abyss: Depths:4
Pandemonium: Depths:3 Depths:5
Ziggurat: Depths:2
Trove: Vaults:1 (give +3 gold dragon scales)

Annotations:
D:15 exclusion: orange crystal statue
Depths:1 Nergalle
Depths:3 exclusion: 2 obsidian statues
Zot:5 Saint Roka


Innate Abilities, Weirdness & Mutations

You can walk on water.
Your body sometimes deteriorates upon taking damage.
Your magical capacity is low. (-10% MP)
You passively map a small area around you.
You occasionally shout uncontrollably at your foes.
Your spells are a little easier to cast, but a little less powerful.


Message History

The black draconian shifter is heavily wounded.
The black draconian shifter blinks!
The orb of fire glows red.
The fireball explodes!
The fireball engulfs you!!!!
The orb of fire emits a lurid red light.
The fireball explodes!
The fireball engulfs you!!
* * * LOW HITPOINT WARNING * * *
Your body deteriorates!
You feel dopey.
The orb of fire glows yellow.
Strange energies course through your body.
You feel more energetic.
Your blink will be uncontrolled - continue anyway?
Uppercase [Y]es or [N]o only, please.
Your blink will be uncontrolled - continue anyway?
Uppercase [Y]es or [N]o only, please.
Your blink will be uncontrolled - continue anyway?
Okay, then.
The orb of fire glows bright magenta.
The fireball explodes!
The fireball engulfs you!!!!
You die...

##### #)## #).# *#######.########
######## * *...............#
##....... ** *#.............##
##........ ,** #..........:..#
##......... ,,* ##...........##
#...)....§. ,,* #.^.........#
#.......... ,,* *#.........@.##
#..^.^○(... ,,* #.........q...#
#.......q.. ,,* *#.............##
#...X....^.
,,***,..............###.§.....y..
,***,,.###########...###.....p.^.
**,,,,** ##...*##Lp.y.8.y ,,,,***
###.XX..Xdd.... *****
#▓▓▓▓▓▓▓▓▓▓▓# **** ****,,,,,,,,


You could see an orb of fire, a tentacled monstrosity, a black draconian shifter
and an Orb Guardian.

Vanquished Creatures
  3 ancient liches
  A juggernaut (Depths:4)
  Vashnia (Snake:4)
  Frederick (Vaults:4)
  Margery (Depths:3)
  A caustic shrike (Depths:4)
  5 golden dragons
  2 bone dragons
  A Tzitzimitl (Depths:2)
  An electric golem (Zot:2)
  9 tentacled monstrosities
  7 Orb Guardians (Zot:5)
  7 titans
  5 liches
  A deep elf master archer (Elf:3)
  A deep elf blademaster (Elf:2)
  5 quicksilver dragons
  2 tentacled starspawn
  4 death cobs
  4 tengu reavers
  Polyphemus (Shoals:4)
  5 sphinxes
  Donald (Elf:3)
  3 shadow dragons
  Roxanne (Snake:2)
  7 storm dragons
  A draconian monk (Depths:5)
  10 fire giants
  8 nagarajas
  An iron dragon (Depths:4)
  An azure jelly (shapeshifter) (Depths:3)
  A balrug (Depths:5)
  A caustic shrike zombie (Depths:2)
  A cacodemon (Abyss:3)
  A draconian scorcher (Zot:2)
  6 frost giants
  A ghost moth (Zot:5)
  3 draconian knights
  2 draconian stormcallers (Zot:5)
  15 vault wardens
  Louise (Shoals:4)
  3 deep elf elementalists
  7 deep elf sorcerers
  Aizul (Snake:1)
  2 spriggan defenders
  3 draconian shifters
  A draconian annihilator (Zot:2)
  18 stone giants
  3 war gargoyles
  17 very ugly things
  6 ironheart preservers
  3 deep elf demonologists
  3 reapers (Depths:2)
  3 vampire knights
  An ophan (Abyss:3)
  2 entropy weavers
  4 black draconians
  3 deep elf annihilators (Elf:3)
  2 white draconians (Depths:5)
  3 red draconians
  2 minotaurs
  3 merfolk javelineers
  A blizzard demon (Abyss:3)
  6 fire dragons
  14 ettins
  10 crystal guardians (Depths:3)
  6 merfolk impalers
  9 deep elf death magi
  Josephine (D:10)
  3 deep elf high priests
  9 great orbs of eyes
  11 yaktaur captains
  9 ice dragons
  A quicksilver dragon skeleton (Depths:2)
  Fannar (Orc:1)
  2 hydras (Lair:1)
  4 rakshasas
  24 naga warriors
  2 spriggan air magi
  17 vault guards
  An alligator snapping turtle (Shoals:2)
  A hydra (shapeshifter) (Depths:3)
  28 two-headed ogres
  2 catoblepae
  A two-headed ogre (shapeshifter) (Depths:3)
  3 satyrs
  9 merfolk aquamancers
  2 death knights (Vaults:2)
  5 centaur warriors
  2 deep troll earth magi
  2 anacondas (shapeshifter)
  7 anacondas
  29 dancing weapons
  9 ogre magi
  A vampire mage (Depths:1)
  5 deep troll shamans
  6 death yaks
  A hell hog (Depths:1)
  A tengu warrior (Depths:4)
  An orc high priest (Elf:3)
  2 thrashing horrors (Abyss:4)
  14 naga sharpshooters
  3 soul eaters
  2 spriggan berserkers (Depths:5)
  21 deep elf knights
  4 shock serpents
  A wretched star (Abyss:4)
  Sonja (Lair:5)
  3 skeletal warriors (D:15)
  An iron troll (shapeshifter) (Depths:3)
  A salamander mystic (Snake:4)
  5 hell knights
  2 sixfirhies (Depths:5)
  5 unseen horrors
  6 wizards
  6 glowing orange brains
  An unseen horror (shapeshifter) (Depths:3)
  14 deep trolls
  A swamp dragon (Lair:6)
  An obsidian statue (Depths:3)
  8 sea snakes
  A sea snake (shapeshifter) (Depths:3)
  5 flayed ghosts
  3 phantasmal warriors
  3 orc knights
  A lindwurm (Lair:6)
  14 deep elf archers
  20 harpies
  13 ironbrand convokers
  A wolf spider zombie (Abyss:3)
  9 necromancers
  8 naga ritualists
  A shadow dragon skeleton (Depths:2)
  2 orc sorcerers
  A stone giant zombie (Depths:2)
  38 ugly things
  A wolf spider (shapeshifter) (Vaults:5)
  An oklob plant (Lair:6)
  8 fauns
  15 salamanders
  6 wolf spiders
  60 deep elf magi
  A frost giant zombie (Depths:2)
  A tengu skeleton (Depths:2)
  13 manticores
  A faun (shapeshifter) (Vaults:5)
  A sphinx skeleton (Depths:2)
  A fire giant zombie (Depths:2)
  13 cyclopes
  11 mana vipers
  8 elephants (Lair:6)
  3 fire giant skeletons (Depths:2)
  4 moths of wrath (Zot:2)
  A black mamba (shapeshifter) (Vaults:1)
  30 black mambas
  7 merfolk sirens
  5 guardian serpents
  3 human skeletons (Vaults:1)
  19 naga magi
  An eye of devastation (shapeshifter) (Depths:3)
  7 water nymphs
  2 centaur skeletons
  2 smoke demons (Abyss:4)
  12 vault sentinels
  Joseph (D:10)
  2 molten gargoyles (Depths:3)
  2 spriggan zombies (Depths:2)
  A titan simulacrum (Depths:2)
  7 gargoyles
  A spiny frog (shapeshifter) (Vaults:1)
  7 spiny frogs
  6 torpor snails (Lair:6)
  5 rime drakes
  5 small abominations
  20 yaktaurs
  4 komodo dragons
  An ice devil (Depths:2)
  6 freezing wraiths
  A spark wasp simulacrum (Depths:2)
  2 efreet
  2 ancient zymes
  2 hellwings (Abyss:4)
  A komodo dragon (shapeshifter) (Vaults:4)
  4 tengu conjurers
  3 jumping spiders (shapeshifter)
  A queen bee (Gauntlet)
  2 tyrant leeches (Lair:6)
  A tengu simulacrum (Vaults:1)
  8 trolls
  7 hornets
  37 merfolk
  A polar bear (shapeshifter) (Vaults:2)
  A polar bear (Lair:4)
  2 wind drakes (shapeshifter)
  2 jumping spiders (Vaults:2)
  A slime creature (shapeshifter) (Depths:4)
  A hornet (shapeshifter) (Vaults:4)
  12 wind drakes
  A harpy skeleton (D:15)
  8 snapping turtles
  12 hippogriffs
  18 slime creatures
  3 raiju (Abyss:3)
  12 dream sheep
  A dream sheep (shapeshifter) (Depths:3)
  A hippogriff (shapeshifter) (Depths:3)
  24 blink frogs
  5 air elementals
  2 centaur simulacra
  An ettin zombie (Depths:2)
  A tarantella (Vaults:4)
  A yak (shapeshifter) (Depths:3)
  5 redbacks
  A tarantella (shapeshifter) (Depths:1)
  A stone giant simulacrum (Depths:2)
  24 water elementals
  2 large abominations
  2 spriggan skeletons (Depths:2)
  A spriggan (shapeshifter) (Vaults:2)
  11 wyverns
  4 ynoxinuls
  3 starcursed masses (Abyss:4)
  42 yaks
  A human (shapeshifter) (D:14)
  7 wraiths
  Eustachio (D:5)
  2 basilisks (Lair:6)
  5 fire bats (Volcano)
  2 chaos spawn
  A neqoxec (Abyss:3)
  4 steam dragons
  12 fire elementals
  A vampire mosquito (D:13)
  4 human simulacra
  An insubstantial wisp (Depths:3)
  57 nagas
  4 wargs
  2 hungry ghosts (D:10)
  4 acid dragons
  A two-headed ogre zombie (D:10)
  Duvessa (D:6)
  A floating eye (shapeshifter) (Depths:3)
  6 water moccasins
  10 hell hounds
  5 orc warriors
  3 porcupines
  2 phantoms
  2 sky beasts
  2 eyes of draining
  34 ogres
  A spriggan simulacrum (Depths:2)
  7 ice beasts
  3 eyes of draining (shapeshifter)
  3 necrophages
  13 boggarts
  16 crocodiles
  A centaur (shapeshifter) (Depths:3)
  13 centaurs
  A big kobold (D:11)
  Blork the orc (D:4)
  17 bullfrogs
  11 earth elementals
  Dowan (D:6)
  A scorpion (D:5)
  A wyvern skeleton (D:10)
  4 troll zombies (D:10)
  7 killer bees
  5 wights
  3 howler monkeys
  4 crimson imps
  2 centaur zombies
  A quasit (D:7)
  Crazy Yiuf (D:5)
  3 bullfrog zombies
  An iron imp (Depths:4)
  7 hounds
  5 orc priests
  5 bullfrog skeletons
  3 jellies
  10 orc wizards
  3 iguanas
  8 worker ants
  3 ogre zombies (D:10)
  3 hound zombies
  8 mummies (Ossuary)
  A howler monkey zombie (D:11)
  2 worker ant zombies
  4 gnolls (D:3)
  13 adders
  4 shadow imps
  2 white imps (Vaults:3)
  2 adder zombies
  3 adder skeletons
  4 worms
  3 ball lightnings (Depths:3)
  A dart slug (D:1)
  2 leopard geckos
  37 orcs
  3 giant cockroaches
  2 gnoll zombies (Ossuary)
  6 goblins
  7 hobgoblins
  10 jackals
  12 kobolds
  4 quokkas
  6 bats
  6 frilled lizards
  5 goblin zombies (D:10)
  3 hobgoblin skeletons (D:10)
  3 hobgoblin zombies (D:10)
  A jackal zombie (D:7)
  2 kobold zombies (Ossuary)
  A leopard gecko zombie (D:5)
  2 orc skeletons (D:10)
  16 orc zombies
  6 rats
  A crawling corpse (Vaults:5)
  4 fungi
  A lurking horror (Abyss:4)
  51 plants
  3 starspawn tentacles
1857 creatures vanquished.

Vanquished Creatures (collateral kills)
  A tentacled monstrosity (Zot:2)
  A lich (Vaults:3)
  2 deep elf blademasters (Elf:3)
  Asterion (Vaults:2)
  A titan (Vaults:5)
  A tentacled starspawn (Abyss:4)
  2 shadow dragons (Vaults:5)
  2 storm dragons (Vaults:5)
  A nagaraja (Snake:4)
  2 tengu reavers (Vaults:5)
  2 fire giants
  An iron dragon (Vaults:5)
  5 deep elf sorcerers
  A frost giant (Depths:2)
  4 vault wardens
  3 ironheart preservers
  6 deep elf elementalists
  2 reapers (Depths:2)
  4 war gargoyles
  Nessos (Lair:4)
  A vampire knight (Depths:1)
  An entropy weaver (Vaults:4)
  2 deep elf demonologists
  6 very ugly things
  3 stone giants
  4 deep elf annihilators (Elf:3)
  A red draconian (Depths:5)
  Azrael (D:15)
  2 deep elf death magi
  The ghost of Sadonosm the Carver, a journeyman DgSk (Lair:3)
  Snorg (Lair:5)
  4 ettins
  A merfolk javelineer (Shoals:2)
  3 fire dragons
  2 great orbs of eyes
  2 yaktaur captains (Vaults:4)
  2 merfolk impalers
  17 vault guards
  2 ice dragons (Depths:1)
  A rakshasa (Vaults:3)
  A caustic shrike simulacrum (Depths:2)
  A deep elf high priest (Vaults:5)
  2 hydras
  5 naga warriors
  2 centaur warriors
  2 death knights (Vaults:4)
  15 two-headed ogres
  A satyr (Shoals:3)
  A deep troll shaman (Depths:1)
  2 tengu warriors
  A deep troll earth mage (Depths:1)
  9 dancing weapons
  6 ogre magi
  A vampire mage (Depths:5)
  2 death yaks (Lair:5)
  7 naga sharpshooters
  A shock serpent (Snake:2)
  A shock serpent (shapeshifter) (Vaults:5)
  2 deep elf knights
  A hell knight (Depths:5)
  3 iron trolls
  2 skeletal warriors
  3 sea snakes (Shoals:2)
  An unseen horror (D:13)
  6 deep trolls
  A naga ritualist (Snake:4)
  2 glowing orange brains
  4 deep elf archers
  2 flayed ghosts
  2 tengu zombies (Depths:2)
  5 ironbrand convokers
  A phantasmal warrior (Vaults:5)
  A harpy (Shoals:3)
  A necromancer (Depths:2)
  2 orc knights
  3 orc sorcerers
  17 ugly things
  A manticore (Shoals:2)
  10 deep elf magi
  4 fauns
  2 salamanders
  A salamander (shapeshifter) (Vaults:4)
  3 wolf spiders
  A moth of wrath (Zot:3)
  A worldbinder (Abyss:4)
  2 guardian serpents
  4 merfolk sirens
  An apocalypse crab (Abyss:4)
  7 black mambas
  A vault sentinel (Vaults:2)
  2 starcursed masses (Abyss:3)
  A spriggan zombie (Depths:2)
  3 naga magi (Snake:2)
  A black mamba (shapeshifter) (Vaults:4)
  2 water nymphs (Shoals:2)
  Psyche (D:8)
  2 gargoyles
  3 torpor snails (Lair:6)
  A spiny frog (Lair:6)
  An efreet (D:15)
  A komodo dragon (Lair:6)
  A freezing wraith (Vaults:4)
  9 yaktaurs
  A wind drake (Shoals:2)
  5 merfolk
  2 tyrant leeches (Lair:6)
  2 hornets
  2 trolls
  4 slime creatures
  3 small abominations
  8 blink frogs
  A raiju (Abyss:3)
  An ettin zombie (Depths:2)
  A hippogriff (Lair:6)
  An ettin skeleton (Depths:2)
  2 spriggan skeletons (Depths:2)
  A redback (shapeshifter) (Vaults:5)
  A wraith (Vaults:4)
  4 water elementals
  3 air elementals
  9 yaks
  2 fire elementals (D:15)
  2 basilisks
  A fire bat (shapeshifter) (D:15)
  A chaos spawn (Abyss:4)
  A redback simulacrum (D:9)
  A fire bat (Abyss:4)
  A vampire mosquito (D:13)
  A warg (Orc:2)
  13 nagas
  An acid dragon (Vaults:1)
  A floating eye (shapeshifter) (Vaults:5)
  2 porcupines
  6 hell hounds
  4 orc warriors
  2 black bears
  An ice beast (D:9)
  2 boggarts
  A phantom (D:12)
  5 ogres
  7 centaurs
  8 crocodiles
  4 bullfrogs
  3 earth elementals
  A scorpion (Lair:3)
  3 killer bees (D:8)
  A wight (D:14)
  A howler monkey (D:12)
  2 electric eels (Lair:4)
  A crimson imp (D:12)
  A quasit (Abyss:4)
  A jelly (Abyss:4)
  3 orc priests (Orc:2)
  A centaur skeleton (D:7)
  9 orc wizards
  2 adders
  12 orcs
  A bush (Lair:5)
  7 fungi
  16 plants
  2 starspawn tentacles (Abyss:4)
470 creatures vanquished.

Vanquished Creatures (others)
  Saint Roka (Zot:5)
  4 orc warlords
  A tengu reaver (Vaults:5)
  8 orc sorcerers
  2 draconian knights
  A draconian scorcher (Zot:5)
  A deep elf elementalist (Elf:3)
  3 war gargoyles
  A stone giant (Depths:1)
  Nergalle (Depths:1)
  A yaktaur captain (Vaults:5)
  Erica (D:10)
  3 dancing weapons (Depths:3)
  28 orc knights
  A naga sharpshooter (Snake:4)
  3 orc high priests
  2 deep elf knights (Elf:1)
  A harpy (Shoals:1)
  An ironbrand convoker (Vaults:2)
  A deep elf mage (Elf:2)
  A cyclops (Vaults:2)
  31 orc warriors
  2 merfolk sirens
  31 orc priests
  6 yaktaurs
  2 water elementals (Depths:3)
  A tarantella (shapeshifter) (D:14)
  A yak (D:10)
  An insubstantial wisp (Depths:3)
  2 centaurs
  A boggart (Vaults:3)
  An ogre (D:3)
  24 orc wizards
  9 ball lightnings (Depths:3)
  77 orcs
  A rat (D:3)
  A fungus (Lair:6)
  A lurking horror (Abyss:3)
  12 plants
  6 starspawn tentacles
276 creatures vanquished.

Grand Total: 2603 creatures vanquished

Notes
Turn   | Place    | Note
-------+----------+-------------------------------------------
     0 | D:1      | JirkfaceJones the Hill Orc Fighter began the quest for the
                  | Orb.
     0 | D:1      | Reached XP level 1. HP: 19/19 MP: 1/1
   392 | D:1      | Reached XP level 2. HP: 27/27 MP: 2/2
   854 | D:2      | Found a hazy altar of Hepliaklqana.
   863 | D:2      | Reached XP level 3. HP: 28/33 MP: 3/3
   991 | D:2      | Found Zin's Purification Station.
   993 | D:2      | Found a glowing silver altar of Zin.
  1121 | D:2      | Bought a potion of curing for 90 gold pieces
  1233 | D:2      | Reached XP level 4. HP: 30/40 MP: 4/4
  1738 | D:3      | Became a worshipper of Beogh the Brigand
  1745 | D:3      | Reached XP level 5. HP: 44/47 MP: 5/5
  1790 | D:3      | Reached skill level 5 in Axes
  1819 | D:3      | Noticed an ogre
  2045 | D:3      | Killed an ogre
  2889 | D:4      | Got a warped chain mail
  2923 | D:4      | Reached XP level 6. HP: 44/53 MP: 6/6
  2931 | D:4      | Noticed Blork the orc
  2944 | D:4      | Killed Blork the orc
  2964 | D:4      | Found a stormy altar of Qazlal.
  3135 | D:4      | Found a sand-covered staircase.
  3140 | Ossuary  | Entered an ossuary
  3160 | Ossuary  | Reached * piety under Beogh
  3163 | Ossuary  | Reached skill level 5 in Fighting
  3420 | Ossuary  | Reached XP level 7. HP: 61/61 MP: 7/7
  3892 | D:5      | Entered Level 5 of the Dungeon
  3914 | D:5      | Found a staircase to the Ecumenical Temple.
  3926 | Temple   | Entered the Ecumenical Temple
  4119 | D:5      | Reached skill level 1 in Invocations
  4125 | D:5      | Reached skill level 5 in Armour
  4125 | D:5      | Reached skill level 5 in Shields
  4746 | D:5      | Found a runed translucent door.
  4747 | D:5      | Noticed Crazy Yiuf
  4759 | D:5      | Killed Crazy Yiuf
  4777 | D:5      | Identified the cursed +1 chain mail of a sewer {rC+} (You
                  | found it on level 4 of the Dungeon)
  4904 | D:5      | Reached skill level 2 in Invocations
  4921 | D:5      | Reached XP level 8. HP: 57/70 MP: 9/9
  4927 | D:5      | Noticed Eustachio
  4952 | D:5      | Killed Eustachio
  5106 | D:6      | Reached ** piety under Beogh
  5135 | D:6      | Found a blossoming altar of Fedhas.
  5169 | D:6      | Reached skill level 3 in Invocations
  5816 | D:6      | Noticed Dowan
  5817 | D:6      | Noticed Duvessa
  5844 | D:6      | Killed Duvessa
  5844 | D:6      | Reached skill level 4 in Invocations
  5844 | D:6      | Reached XP level 9. HP: 66/78 MP: 10/12
  5848 | D:6      | Killed Dowan
  6588 | D:6      | Found a burning altar of Makhleb.
  6597 | D:6      | Found a radiant altar of Vehumet.
  6599 | D:6      | Found a shimmering blue altar of Sif Muna.
  6602 | D:6      | Found a basalt altar of Yredelemnul.
  6895 | D:7      | Reached skill level 10 in Axes
  6900 | D:7      | Found Ymiorpho's Antique Weapon Emporium.
  6905 | D:7      | Bought a translucent broad axe for 252 gold pieces
  6905 | D:7      | Identified the +5 broad axe "Giantbane" {flame, rC++} (You
                  | bought it in a shop on level 7 of the Dungeon)
  7133 | D:7      | Reached skill level 5 in Invocations
  7194 | D:7      | Reached *** piety under Beogh
  7981 | D:8      | Found a staircase to the Lair.
  7985 | D:8      | Noticed Psyche
  8004 | D:8      | Killed Psyche
  8004 | D:8      | Reached skill level 6 in Invocations
  8004 | D:8      | Reached XP level 10. HP: 28/88 MP: 14/14
  8273 | D:8      | Found a bloodstained altar of Trog.
  8641 | D:9      | Found a white marble altar of Elyvilon.
  8715 | D:9      | Found an ornate altar of the Wu Jian Council.
  8925 | D:9      | Found a transporter.
  8943 | D:9      | Found a transporter.
  8950 | D:9      | Reached **** piety under Beogh
  8950 | D:9      | Reached skill level 7 in Invocations
  9427 | D:10     | Entered Level 10 of the Dungeon
  9629 | D:10     | Noticed Josephine
  9643 | D:10     | Noticed Joseph
  9652 | D:10     | Killed Josephine
  9652 | D:10     | Reached XP level 11. HP: 20/97 MP: 16/16
  9665 | D:10     | Reached skill level 8 in Invocations
  9676 | D:10     | Killed Joseph
  9995 | D:10     | Noticed Erica
 10015 | D:10     | Killed Erica
 10191 | D:10     | Killed an unseen horror
 10400 | D:10     | Found a staircase to the Orcish Mines.
 10406 | D:10     | Reached ***** piety under Beogh
 10466 | D:10     | Noticed a two-headed ogre
 10471 | D:10     | Killed a two-headed ogre
 10911 | D:11     | Reached skill level 9 in Invocations
 11035 | D:11     | Reached skill level 10 in Fighting
 11142 | D:11     | Noticed a red ugly thing
 11152 | D:11     | Killed a red ugly thing
 11152 | D:11     | Reached XP level 12. HP: 64/106 MP: 18/18
 11795 | D:12     | Gained Nordag as an ally
 12223 | Lair:1   | Entered Level 1 of the Lair of Beasts
 12253 | Lair:1   | Reached skill level 15 in Axes
 12260 | Lair:1   | Reached skill level 10 in Invocations
 12356 | Lair:1   | Noticed Nergalle
 12721 | Lair:1   | Reached skill level 10 in Armour
 12800 | Lair:1   | Noticed a seven-headed hydra
 12806 | Lair:1   | Killed a two-headed hydra
 12806 | Lair:1   | Reached skill level 10 in Shields
 13280 | Lair:1   | Noticed a six-headed hydra
 13286 | Lair:1   | Killed a three-headed hydra
 13391 | Lair:2   | Found an ancient bone altar of Kikubaaqudgha.
 13396 | Lair:2   | Reached ****** piety under Beogh
 13436 | Lair:2   | Reached XP level 13. HP: 90/116 MP: 20/20
 13716 | Lair:3   | Noticed a minotaur
 13726 | Lair:3   | Found a runed translucent gate.
 13726 | Lair:3   | Found a runed translucent gate.
 13726 | Lair:3   | Found a runed translucent gate.
 13741 | Lair:3   | Found a dark tunnel.
 13753 | Volcano  | Entered a volcano
 13831 | Volcano  | Reached skill level 11 in Invocations
 14383 | Volcano  | Noticed a fire dragon
 14402 | Volcano  | Killed a fire dragon
 15345 | Lair:3   | Found a staircase to the Snake Pit.
 15603 | Lair:3   | Noticed Sadonosm's ghost (journeyman DgSk)
 15734 | Lair:3   | Killed Sadonosm's ghost
 15734 | Lair:3   | Gained Marbaugh as an ally
 15736 | Lair:3   | Killed a minotaur
 15831 | Lair:4   | Noticed Nessos
 15850 | Lair:4   | Killed Nessos
 16454 | Lair:4   | Found a staircase to the Shoals.
 16856 | Lair:5   | You fall into a shaft and drop 1 floor!
 16856 | Lair:6   | Entered Level 6 of the Lair of Beasts
 16868 | Lair:6   | Reached XP level 14. HP: 107/126 MP: 22/22
 16877 | Lair:6   | Reached skill level 12 in Invocations
 17069 | Lair:5   | Noticed Snorg
 17084 | Lair:5   | Killed Snorg
 17744 | Lair:5   | Noticed Sonja
 17753 | Lair:5   | Killed Sonja
 18184 | Lair:6   | Found a viscous altar of Jiyva.
 18184 | Lair:6   | Found a staircase to the Slime Pits.
 18226 | Lair:6   | Found a runed translucent door.
 18559 | Lair:6   | Found a snail-covered altar of Cheibriados.
 18930 | Lair:6   | Reached skill level 13 in Invocations
 19905 | Lair:2   | Reached skill level 14 in Invocations
 19905 | Lair:2   | Reached XP level 15. HP: 135/135 MP: 23/25
 20462 | D:13     | Reached XP level 16. HP: 142/144 MP: 26/26
 20525 | D:13     | Found Zuog's General Store.
 21103 | D:14     | Found a gate leading to a gauntlet.
 21104 | D:14     | Found a gate to the Vaults.
 21136 | Gauntlet | Entered a Gauntlet
 21136 | Gauntlet | Found a runed translucent door.
 21136 | Gauntlet | Found a transporter.
 21136 | Gauntlet | Found a runed translucent door.
 21144 | Gauntlet | Found a transporter.
 21146 | Gauntlet | Found a transporter.
 21156 | Gauntlet | Found a transporter.
 21164 | Gauntlet | Found a transporter.
 21186 | Gauntlet | Found a transporter.
 21196 | Gauntlet | Found a transporter.
 21206 | Gauntlet | Found a transporter.
 21226 | Gauntlet | Found a transporter.
 21241 | Gauntlet | Found a transporter.
 21242 | Gauntlet | Found a transporter.
 21288 | Gauntlet | Found a transporter.
 21302 | Gauntlet | Found a transporter.
 21343 | Gauntlet | Found a transporter.
 21423 | Gauntlet | Got a brightly glowing lead ring
 21584 | Gauntlet | Identified a +2 pair of boots of running (You found it in a
                  | Gauntlet)
 21626 | Gauntlet | Identified the +5 war axe "Jexkasy" {chop, +Inv Dex+2}
 21626 | Gauntlet | Identified the +13 crystal plate armour of Beogh's Envy
                  | {rPois rN+ Dex+7}
 21657 | Gauntlet | Got a jewelled cloak
 21705 | Gauntlet | Identified the ring "Uffud" {rN+ AC+4 Str+2 Int-4} (You
                  | found it in a Gauntlet)
 21734 | Gauntlet | Identified the cursed -4 cloak of Spite {rF+} (You found it
                  | in a Gauntlet)
 21800 | D:14     | Found a bloodstained altar of Trog.
 22379 | D:15     | Entered Level 15 of the Dungeon
 22460 | D:15     | Found a staircase to the Depths.
 22554 | D:15     | Found Akhoumnua's Armour Boutique.
 22569 | D:15     | Noticed Azrael
 22571 | D:15     | Reached skill level 15 in Invocations
 22589 | D:15     | Killed Azrael
 22798 | D:15     | Found an ancient bone altar of Kikubaaqudgha.
 23868 | Snake:1  | Entered Level 1 of the Snake Pit
 24116 | Snake:1  | Found Pamoedghups's Gadget Boutique.
 24117 | Snake:1  | Found Jorph's Jewellery Emporium.
 24118 | Snake:1  | Found Diebb's Gadget Boutique.
 24153 | Snake:1  | Bought an uncursed ring of see invisible for 195 gold
                  | pieces
 24173 | Snake:1  | Noticed Aizul
 24192 | Snake:1  | Killed Aizul
 24720 | Snake:2  | Reached XP level 17. HP: 133/154 MP: 24/28
 24947 | Snake:2  | Reached skill level 16 in Invocations
 24991 | Snake:2  | Gained Brunolf as an ally
 25512 | Snake:2  | Identified Roxanne's Almanac of Changing
 25512 | Snake:2  | Noticed Roxanne
 25533 | Snake:2  | Killed Roxanne
 25612 | Snake:2  | Reached skill level 15 in Fighting
 26811 | Snake:3  | Reached skill level 15 in Shields
 27673 | Shoals:1 | Entered Level 1 of the Shoals
 27807 | Shoals:1 | Reached skill level 17 in Invocations
 27856 | Shoals:1 | Gained Borgk as an ally
 28065 | Shoals:1 | Your ally Borgk died
 28310 | Shoals:1 | Reached skill level 15 in Armour
 28310 | Shoals:1 | Reached XP level 18. HP: 166/166 MP: 30/30
 28709 | Shoals:2 | Gained Horkud as an ally
 29301 | Shoals:2 | Your ally Marbaugh died
 29833 | Shoals:2 | Found Masobbed's Magic Scroll Boutique.
 30229 | Shoals:3 | Reached skill level 18 in Invocations
 30321 | Shoals:3 | Found Seazuluj's Mayhem Merchandise.
 30372 | Shoals:3 | Got a shimmering rapier
 30719 | Shoals:3 | Gained Murdo as an ally
 31131 | Shoals:3 | Your ally Murdo died
 31579 | Lair:2   | Identified the +6 rapier of the Aged Wonders {venom, SInv
                  | Stlth+} (You found it on level 3 of the Shoals)
 31587 | Lair:2   | Identified a scroll of acquirement
 31592 | Lair:2   | Got a translucent platinum ring
 31594 | Lair:2   | Identified the ring of Zaeboki {rElec MP+9} (You acquired
                  | it on level 2 of the Lair of Beasts)
 31706 | Orc:1    | Entered Level 1 of the Orcish Mines
 31709 | Orc:1    | Noticed Fannar
 31721 | Orc:1    | Killed Fannar
 32024 | Orc:2    | Entered Level 2 of the Orcish Mines
 32187 | Orc:2    | Found Daumny's Distillery.
 32187 | Orc:2    | Found Aggoxo's Antique Weapon Boutique.
 32187 | Orc:2    | Found Utusmues's Armour Boutique.
 32209 | Orc:2    | Found Korogeg's Jewellery Shop.
 32216 | Orc:2    | Gained Gorbash as an ally
 32343 | Orc:2    | Found a staircase to the Elven Halls.
 32621 | Elf:1    | Entered Level 1 of the Elven Halls
 32647 | Elf:1    | Your ally Gorbash died
 32731 | Elf:1    | Noticed an Ice Fiend
 33783 | Elf:1    | Reached XP level 19. HP: 166/178 MP: 32/32
 33848 | Elf:1    | Reached skill level 19 in Invocations
 34160 | Elf:1    | Found Hegrunt's Food Emporium.
 34701 | Elf:2    | Found a runed translucent gate.
 34701 | Elf:2    | Found a runed translucent gate.
 34708 | Elf:2    | Gained Wargath as an ally
 34717 | Elf:2    | Found a runed translucent gate.
 35300 | Elf:3    | Entered Level 3 of the Elven Halls
 35494 | Elf:3    | Found Metofoxi's Assorted Antiques.
 35559 | Elf:3    | Gained Wardok as an ally
 35720 | Elf:3    | Noticed Donald
 35726 | Elf:3    | Killed Donald
 35773 | Elf:3    | Reached skill level 20 in Invocations
 36355 | Elf:3    | HP: 9/181 [deep elf high priest/divine providence (12)]
 36363 | Elf:3    | Your ally Wargath died
 36368 | Elf:3    | Gained Oruk as an ally
 36378 | Elf:3    | Gained Bogwik as an ally
 36388 | Elf:3    | Your ally Bogwik died
 36396 | Elf:3    | Your ally Oruk died
 36423 | Elf:3    | Gained Geork as an ally
 36431 | Elf:3    | Reached XP level 20. HP: 32/191 MP: 9/34
 36829 | Elf:3    | Identified the ring of the Moon {Fire rPois Dex+4 Slay+3}
 37020 | Elf:3    | Identified the +5 long sword of Harmony {holy, rN+ Stlth+}
 37089 | Elf:3    | Found the +8 lance "Wyrmbane" {slay drac, rPois rF+ rC+
                  | AC+3}
 37113 | Elf:3    | Identified the Disquisition on Destructive Earth
 37442 | Elf:3    | Got a twisted hand crossbow
 37443 | Elf:3    | Identified the +9 hand crossbow of Dividends {flame, rC+
                  | Dex+3} (You found it on level 3 of the Elven Halls)
 37954 | Shoals:4 | Entered Level 4 of the Shoals
 38182 | Shoals:4 | Got a steaming pewter ring
 38184 | Shoals:4 | Identified the ring of Ceoshrapp {rElec rC+ rN+ Int+5} (You
                  | found it on level 4 of the Shoals)
 38500 | Shoals:4 | Noticed Polyphemus
 38524 | Shoals:4 | Killed Polyphemus
 38868 | Shoals:4 | Reached skill level 21 in Invocations
 39378 | Shoals:4 | Noticed Louise
 39424 | Shoals:4 | Killed Louise
 39576 | Shoals:4 | Got a barnacled rune of Zot
 40151 | Snake:4  | Entered Level 4 of the Snake Pit
 40420 | Snake:4  | Gained Syrus as an ally
 40420 | Snake:4  | Gained Blodwig as an ally
 40438 | Snake:4  | Your ally Blodwig died
 40458 | Snake:4  | Noticed Vashnia
 40470 | Snake:4  | Your ally Syrus died
 40500 | Snake:4  | Found a radiant altar of Vehumet.
 41388 | Snake:4  | Found an iron altar of Okawaru.
 41401 | Snake:4  | Gained Bogwik as an ally
 41410 | Snake:4  | Gained Bogmar as an ally
 41440 | Snake:4  | Your ally Bogwik died
 41453 | Snake:4  | Killed Vashnia
 41453 | Snake:4  | Reached XP level 21. HP: 162/201 MP: 35/35
 42322 | Snake:4  | Got a serpentine rune of Zot
 42892 | Vaults:1 | Entered Level 1 of the Vaults
 42900 | Vaults:1 | Reached skill level 22 in Invocations
 43376 | Vaults:1 | Reached skill level 1 in Crossbows
 43865 | Vaults:1 | Found a portal to a secret trove of treasure.
 44059 | Vaults:2 | Noticed Asterion
 44501 | Vaults:2 | Killed Asterion
 44786 | Vaults:2 | Reached skill level 5 in Crossbows
 45013 | Vaults:2 | Reached XP level 22. HP: 213/213 MP: 37/37
 45287 | Vaults:2 | Found a staircase to the Crypt.
 45356 | Vaults:2 | Gained Wulfoc as an ally
 45359 | Vaults:2 | Your ally Wulfoc died
 45365 | Vaults:2 | Gained Horkud as an ally
 46626 | Vaults:3 | Reached skill level 23 in Invocations
 47058 | Vaults:3 | Reached skill level 1 in Dodging
 47805 | Vaults:4 | Noticed Frederick
 47816 | Vaults:4 | Killed Frederick
 47829 | Vaults:4 | Gained Spirok as an ally
 47939 | Vaults:4 | Got a brightly glowing battleaxe
 48068 | Vaults:4 | Gained Borgun as an ally
 48476 | Vaults:4 | Reached XP level 23. HP: 222/222 MP: 38/38
 48799 | Vaults:4 | Found Nufoajau's Antique Weapon Shoppe.
 49574 | Vaults:1 | Paralysed by fainting for 7 turns
 49733 | Depths:1 | Entered Level 1 of the Depths
 49786 | Depths:1 | Your ally died
 50288 | Depths:1 | Noticed a golden dragon
 50300 | Depths:1 | Killed a golden dragon
 50301 | Depths:1 | Reached skill level 10 in Crossbows
 50397 | Depths:1 | Found a gateway to Hell.
 50610 | Depths:2 | Found Tuugoitzao's Food Shop.
 50625 | Depths:2 | Found Atwuanu's Distillery.
 50646 | Depths:2 | Found Foiluywa's Weapon Emporium.
 51126 | Depths:2 | Found Zoxko's Assorted Antiques.
 51134 | Depths:2 | Bought a dented soapstone amulet for 105 gold pieces
 51266 | Depths:2 | Found Paodeote's Gadget Emporium.
 51304 | Depths:2 | Found a gateway to a ziggurat.
 51427 | Depths:2 | Found an ancient bone altar of Kikubaaqudgha.
 51427 | Depths:2 | Noticed an ancient lich
 51441 | Depths:2 | Killed an ancient lich
 51464 | Depths:2 | Reached skill level 5 in Dodging
 51895 | Depths:2 | Reached skill level 24 in Invocations
 52194 | Depths:3 | Noticed Margery
 52210 | Depths:3 | Killed Margery
 52224 | Depths:3 | Reached XP level 24. HP: 161/230 MP: 39/39
 52385 | Depths:3 | Paralysed by a floating eye for 2 turns
 52394 | Depths:3 | Your ally Horkud died
 53305 | Depths:3 | Gained Bogric as an ally
 53322 | Depths:3 | Your ally Bogric died
 53331 | Depths:3 | Gained mutation: Your body sometimes deteriorates upon
                  | taking damage. [a shining eye]
 53374 | Depths:3 | Identified the Almanac of the Virous Blaze
 53494 | Depths:3 | Found a one-way gate leading to the halls of Pandemonium.
 53579 | Depths:3 | Got a smoking plate armour
 53587 | Depths:3 | Identified the +8 plate armour "Xigoyc" {+Blink rPois} (You
                  | found it on level 3 of the Depths)
 54239 | Depths:4 | Noticed a caustic shrike
 54257 | Depths:4 | Killed a caustic shrike
 54483 | Depths:4 | Noticed a juggernaut
 54503 | Depths:4 | Killed a juggernaut
 55117 | Depths:4 | Got a flickering ruby amulet
 55123 | Depths:4 | Identified the amulet of Udibbi {+Rage rElec rF- Dex-4
                  | SInv} (You acquired it on level 4 of the Depths)
 55158 | Depths:4 | Found a one-way gate to the infinite horrors of the Abyss.
 55875 | Depths:5 | Entered Level 5 of the Depths
 55965 | Depths:5 | Found Qacrac's Armour Boutique.
 56028 | Depths:5 | Gained Beowulf as an ally
 56132 | Depths:5 | Reached XP level 25. HP: 164/243 MP: 39/39
 56223 | Depths:5 | Reached skill level 25 in Invocations
 56321 | Depths:5 | Gained Boruk as an ally
 56514 | Depths:5 | Your ally Beowulf died
 56533 | Depths:5 | Your ally Boruk died
 56650 | Depths:5 | Found a gate to the Realm of Zot.
 57367 | Lair:2   | Identified the +1 battleaxe of Dried Tears {chaos, rPois
                  | Str-3 Dex+8 Stlth-} (You found it on level 4 of the Vaults)
 57736 | Vaults:5 | Entered Level 5 of the Vaults
 57743 | Vaults:5 | Your ally Geork died
 57749 | Vaults:5 | Your ally Wardok died
 57752 | Vaults:5 | Gained Norbak as an ally
 57752 | Vaults:5 | Your ally Borgun died
 57774 | Vaults:5 | Your ally Norbak died
 57779 | Vaults:5 | Your ally Bogmar died
 57782 | Vaults:5 | Your ally Horkud died
 57786 | Vaults:5 | Noticed an ancient lich
 57788 | Vaults:5 | Your ally Nordag died
 57796 | Vaults:5 | Your ally Brunolf died
 57812 | Vaults:5 | Your ally Spirok died
 57816 | Vaults:5 | Killed an ancient lich
 58007 | Vaults:5 | Paralysed by a sphinx for 4 turns
 58088 | Vaults:5 | Gained Wardok as an ally
 58303 | Vaults:5 | Gained Jorge as an ally
 58314 | Vaults:5 | Cast into level 4 of the Abyss (a lich)
 58474 | Abyss:4  | Gained Bogwik as an ally
 58483 | Vaults:5 | Escaped the Abyss
 58485 | Vaults:5 | Reached skill level 10 in Dodging
 58492 | Vaults:5 | Gained Gorm as an ally
 58922 | Vaults:5 | Reached XP level 26. HP: 254/254 MP: 39/39
 58949 | Vaults:5 | Your ally Wardok died
 58992 | Vaults:5 | Found Umajoeg's Assorted Antiques.
 59324 | Vaults:5 | Found Sacrewk's Book Shoppe.
 59366 | Vaults:5 | Your ally Jorge died
 59410 | Vaults:5 | Reached skill level 26 in Invocations
 59416 | Vaults:5 | Gained Boderik as an ally
 59447 | Vaults:5 | Your ally Boderik died
 59455 | Vaults:5 | Noticed Saint Roka
 59489 | Vaults:5 | Your ally Gorm died
 59965 | Vaults:5 | Noticed an ancient lich
 59978 | Vaults:5 | Killed an ancient lich
 60426 | Vaults:5 | Cast into level 3 of the Abyss (a deep elf sorcerer)
 60544 | Abyss:3  | Found a shimmering blue altar of Sif Muna.
 60553 | Abyss:3  | Gained mutation: Your magical capacity is low. (-10% MP) [a
                  | cacodemon]
 60557 | Abyss:3  | Gained mutation: Your spells are a little easier to cast,
                  | but a little less powerful. [a cacodemon]
 60559 | Abyss:3  | Gained mutation: You occasionally shout uncontrollably at
                  | your foes. [a cacodemon]
 60565 | Abyss:3  | Gained mutation: You passively map a small area around you.
                  | [a cacodemon]
 60570 | Abyss:3  | Identified the Catalogue of Bewitchment
 60616 | Abyss:3  | Identified the Tome of Summoning
 60619 | Abyss:3  | Identified the Papyrus of Companions
 60622 | Abyss:3  | Identified the Compendium of Stolen Souls
 60632 | Abyss:3  | Identified the Almanac of the Mountains
 60668 | Abyss:3  | Gained Warrok as an ally
 60671 | Abyss:3  | Identified the Grimoire of Orientation
 60676 | Abyss:3  | Found a shimmering blue altar of Sif Muna.
 60703 | Abyss:3  | Found a shimmering blue altar of Sif Muna.
 60713 | Abyss:3  | Gained Hawl as an ally
 60755 | Abyss:3  | Found a shimmering blue altar of Sif Muna.
 60780 | Abyss:3  | Paralysed by a great orb of eyes for 5 turns
 60796 | Vaults:5 | Escaped the Abyss
 60798 | Vaults:5 | Identified the +6 battleaxe of Grandeur {drain, *Noise MP+9
                  | Str+7 Dex+3}
 60798 | Vaults:5 | Identified the +12 war axe "Anexo" {venom, *Drain rN+ SInv}
 60799 | Vaults:5 | Identified the +9 glaive "Dazy" {holy, Dex+3}
 60862 | Vaults:5 | Got a silver rune of Zot
 61780 | Zot:1    | Entered Level 1 of the Realm of Zot
 62025 | Zot:2    | Reached XP level 27. HP: 176/266 MP: 36/36
 62040 | Zot:2    | Gained Warrok as an ally
 62246 | Zot:3    | Your ally Warrok died
 62512 | Zot:5    | Entered Level 5 of the Realm of Zot
 62892 | Zot:5    | Reached skill level 27 in Invocations
 62951 | Zot:5    | Noticed an ancient lich
 62966 | Zot:5    | Noticed an orb of fire
 62969 | Zot:5    | Gained mutation: Your magical capacity is very low. (-20%
                  | MP) [an orb of fire]
 62973 | Zot:5    | Your ally Warrok died
 62977 | Zot:5    | Your ally died
 62986 | Zot:5    | Lost mutation: Your magical capacity is very low. (-20% MP)
                  | [an orb of fire]
 62987 | Zot:5    | Killed from afar by an orb of fire

Levels and vault maps discovered:
D:1:      dpeg_arrival_rooms_b, layout_loops_corners
D:2:      layout_loops_cross, zin_purify, overflow_temple_1_default
D:3:      layout_loops_ring
D:4:      layout_loops_cross, enter_ossuary_2, first_ration,
          grunt_qazlal_sundering, uniq_blork_the_orc
D:5:      layout_basic, minmay_temple_entry_tees, uniq_crazy_yiuf_cottage,
          uniq_eustachio
D:6:      layout_loops_cross, nicolae_overflow_hidden_temple, minitemple,
          uniq_duvessa
D:7:      layout_loops_corners, serial_shops, nicolae_shop_crystal,
          grunt_ogre_cave
D:8:      layout_rooms, bloody_trog, dpeg_oklobed_lair, uniq_psyche
D:9:      gammafunk_cloud_chamber, layout_long_grid,
          lemuel_coloured_pillars_altar, lemuel_crystal_altar
D:10:     minmay_razor_zed, layout_loops_ring, zombieorc2_lemuel, uniq_erica,
          uniq_josephine, uniq_joseph
D:11:     layout_loops_ring
D:12:     layout_cave_pools
D:13:     layout_long_grid, serial_shops, nicolae_shop_window_shopping
D:14:     wad_statue_garden, layout_basic, david_vaults_2,
          gauntlet_entry_generic, basic_altar, minmay_misc_feat_doors,
          uniq_rupert
D:15:     grunt_enter_depths_magical_seal, layout_basic,
          chequers_serial_rivers_micro_c, serial_shops, nicolae_shop_crystal,
          basic_altar, minivault_16, uniq_azrael
Temple:   nicolae_temple_hex_pool
Lair:1:   layout_cave_pods, serial_bayou_shore_b, grunt_megastairs_2,
          serial_bayou_shore_b, uniq_nergalle
Lair:2:   layout_big_grid, basic_altar
Lair:3:   layout_regular_city, guppyfry_snake_entry_island,
          nicolae_volcano_entry_two_sided, maelrawn_ghost_gauntlet_escape,
          st_stairs_6
Lair:4:   layout_regular_city, elwin_shoals_entry_stream, serial_bayou_ford_a,
          serial_bayou_pond_a, gammafunk_lair_bear_cave, serial_bayou_shore_a,
          grunt_megastairs_5, serial_bayou_shore_b, lemuel_fruit_tree,
          uniq_nessos
Lair:5:   layout_roguey, serial_bayou_crossing, uniq_sonja, uniq_snorg
Lair:6:   wormcave, layout_layer_cave, guppyfry_lair_end_dragon, slime_altar_1,
          kennysheep_snail_temple
Shoals:1: cheibrodos_shoals_baths, layout_shoals
Shoals:2: layout_shoals, serial_shops, shop
Shoals:3: layout_shoals, minmay_shop_mayhem
Shoals:4: shoals_end_simple, layout_shoals, uniq_louise, uniq_polyphemus
Snake:1:  layout_misc_corridors, minmay_shop_grove, uniq_aizul
Snake:2:  layout_chambers, grunt_megastairs_1, uniq_roxanne
Snake:3:  layout_layer_cave
Snake:4:  minmay_snake_end_coiled, layout_grid_shapes, hangedman_feature_mirror,
          uniq_vashnia
Orc:1:    layout_diamond_mine, uniq_fannar
Orc:2:    st_orc_mages, layout_caves
Elf:1:    elf_arrival_002, layout_geoelf_grid, serial_shops,
          nicolae_shop_statue_plus, evilmike_minifort
Elf:2:    layout_geoelf_octagon, hangedman_elven_ridges
Elf:3:    minmay_elf_hall_x, layout_geoelf_castle, serial_shops,
          nicolae_shop_overgrown_old_shop, grunt_ministairs_3, uniq_donald
Vaults:1: hangedman_vaults_impose, vaults_mumra_lcd, vaults_standard_mumra_x,
          nicolae_vaults_little_ls, vaults_room_ringed_pool, vaults_dpeg_doors,
          v_rooms_3, v_misc_10, vaults_room_glass_cross,
          hangedman_vaults_restitches, v_pattern_2, vaults_mumra_hexcomb,
          nicolae_vaults_theta, vaults_dpeg_ring, layout_vaults_maze_bifur,
          nicolae_trove_entry_crystal
Vaults:2: blue_anna_dwarven_crypt, v_misc_11, nicolae_vaults_little_squares_5,
          v_alt_pattern_1, nicolae_vaults_twisting_passages, v_rooms_1,
          v_rooms_2, nicolae_vaults_specimen_jars, grunt_vaults_swirl,
          sword_in_stone, nicolae_vaults_border_crossing,
          ontoclasm_vaults_shuriken, vaults_mumra_chevron,
          layout_vaults_omnicross
Vaults:3: st_cross, vaults_dpeg_diagonal, v_alt_pattern_4,
          ontoclasm_vaults_decontamination, nicolae_vaults_alarming,
          vaults_room_grunt_arrival_checkpoint, grunt_vaults_twisty,
          vaults_room_fours, serial_ice_b, nicolae_vaults_theta,
          dpeg_vaults_monster_box, grunt_vaults_diagonal, vaults_room_grid,
          hangedman_vaults_trim, layout_vaults_chaotic_city
Vaults:4: hangedman_vaults_snaps, nicolae_vaults_halls_meeting, v_misc_3,
          grunt_vaults_hallway_long, v_misc_24, nicolae_vaults_rhombus_7,
          vaults_room_large_hall, v_alt_pattern_3, vaults_dpeg_encased_lava,
          layout_vaults_omnigrid, serial_shops, nicolae_shop_waterfront,
          uniq_frederick
Vaults:5: serial_shops, uniq_saint_roka
Depths:1: layout_big_octagon, grunt_hell_horde, grunt_ministairs_11, kb_rosetta,
          grunt_megastairs_4
Depths:2: evilmike_negative_zone, layout_long_grid, enter_ziggurat_c,
          serial_shops, nicolae_shop_overgrown_old_shop, shop, shop_fountains,
          shop, shop, hangedman_coc_ice_floe, hangedman_decor_clover_reticule
Depths:3: radiant_caverns_a_rkd, hell_entry, pan_entry, uniq_margery
Depths:4: hangedman_cross_cluster, layout_gridlike, grunt_hell_entry_dis_grunt,
          hangedman_abyss_entry_splay, serial_rivers,
          chequers_serial_rivers_large_b, chequers_serial_rivers_micro_c,
          chequers_serial_rivers_marsh, chequers_serial_rivers_small_b,
          chequers_serial_rivers_small_b
Depths:5: grunt_zot_entry_bicorn, layout_gridlike, serial_shops, shop,
          rand_demon_pan_entry_1, hell_entry, hex_medium, serial_bayou_shore_b
Zot:1:    layout_basic, lemuel_lake_of_fire
Zot:2:    layout_misc_corridors, st_stairs_5
Zot:3:    gammafunk_its_a_trap, layout_cathedral_of_symmetry
Zot:4:    layout_misc_corridors
Zot:5:    layout_misc_corridors

Skill      XL: |  1  2  3  4  5  6  7  8  9 10 11 12 13 14 15 16 17 18 19 20 21 22 23 24 25 26 27 |
---------------+----------------------------------------------------------------------------------+-----
Axes           | 3 4 5 6 7 9 11 12 14 15 17 18 | 18.0
Fighting       | 4 5 6 7 9 10 11 12 13 14 16 17 19 20 21 22 23 24 25 | 25.3
Shields        | 4 5 6 7 8 9 10 11 12 13 14 15 | 15.0
Armour         | 4 5 6 7 8 9 10 11 12 13 15 16 17 18 19 20 21 22 23 | 23.6
Invocations    | 2 4 6 7 9 10 11 14 15 17 18 20 21 22 23 24 25 26 27 | 27.0
Crossbows      | 5 9 10 | 10.0
Dodging        | 2 5 8 10 11 12 | 12.9

Action                   |  1- 3 |  4- 6 |  7- 9 | 10-12 | 13-15 | 16-18 | 19-21 | 22-24 | 25-27 || total
-------------------------+-------+-------+-------+-------+-------+-------+-------+-------+-------++-------
Melee: War axe           |   124 |   177 |   344 |       |       |       |       |       |       ||   645
       Broad axe         |       |       |    68 |   453 |   565 |  1399 |  1349 |  1504 |  1193 ||  6531
 Fire: Hand crossbow     |       |       |       |       |       |       |       |     5 |       ||     5
Throw: Javelin           |       |       |     1 |       |       |       |       |       |       ||     1
Invok: Convert to Beogh  |       |     1 |       |       |       |       |       |       |       ||     1
       Recall Orcish Fol |       |       |       |     2 |     3 |     3 |     2 |     1 |     4 ||    15
       Smiting           |       |       |       |     4 |     2 |     3 |    17 |     2 |     2 ||    30
       Give Item to Name |       |       |       |       |     1 |     1 |     1 |       |       ||     3
  Use: Scroll            |       |     5 |     7 |     1 |    16 |     8 |     8 |    10 |     9 ||    64
       Potion            |       |     1 |     2 |     4 |     4 |     2 |     3 |     4 |     5 ||    25
 Stab: Distracted        |       |       |     2 |     2 |    12 |     3 |    11 |    16 |     8 ||    54
       Paralysed         |       |       |       |       |     6 |     5 |       |       |       ||    11
  Eat: Chunk             |     1 |     6 |     7 |    16 |    19 |    27 |    17 |    24 |    14 ||   131
       Ration            |       |       |     3 |     1 |     1 |     4 |     6 |     3 |     2 ||    20
Armor: Scale mail        |    58 |    54 |    15 |       |       |       |       |       |       ||   127
       Chain mail        |       |       |   245 |   170 |   232 |    36 |       |       |       ||   683
       Crystal plate arm |       |       |       |       |       |   629 |   585 |   748 |   549 ||  2511
Dodge: Dodged            |    41 |    55 |    87 |    80 |    91 |   170 |   137 |   283 |   363 ||  1307
Block: Shield            |    49 |    84 |   189 |   232 |   365 |  1002 |   941 |  1033 |   851 ||  4746
       Reflection        |       |       |       |       |       |       |   110 |    62 |    38 ||   210
